 Dungeon Crawl Stone Soup version 0.29.1-4-g47bece8355 (webtiles) character file.

Game seed: 15577488248919360338

16112 cheesebisquit the Executioner (level 12, -2/91 HPs)
             Began as a Minotaur Berserker on Dec 10, 2022.
             Was a High Priest of Trog.
             Slain by a four-headed hydra (7 damage)
             ... on level 11 of the Dungeon.
             The game lasted 00:47:50 (10635 turns).

cheesebisquit the Executioner (Minotaur Berserker) Turns: 10635, Time: 00:47:51

Health: -2/91      AC: 19    Str: 27    XL:     12   Next: 7%
Magic:  11/11      EV:  8    Int: 10    God:    Trog [*****.]
Gold:   1039       SH:  9    Dex: 10    Spells: 11/11 levels left

rFire   . . .      SeeInvis .   H - +2 broad axe (flame)
rCold   . . .      Faith    .   g - +1 buckler
rNeg    + . .      Spirit   .   E - +4 chain mail
rPois   .          Reflect  +   G - +0 hat
rElec   .          Harm     .   h - +0 cloak
rCorr   .          Rampage  .   j - +2 pair of gloves
Will    ++...                   f - +1 pair of boots
Stlth   ..........              e - amulet of reflection
HPRegen 1.25/turn               q - +6 ring of intelligence
MPRegen 0.12/turn               w - ring of positive energy

@: mighty, strong-willed, regenerating
A: horns 2, retaliatory headbutt
a: Renounce Religion, Berserk, Trog's Hand, Brothers in Arms


You were on level 11 of the Dungeon.
You worshipped Trog.
Trog was extremely pleased with you.
You visited 1 branch of the dungeon, and saw 11 of its levels.
You also visited: Bailey.

You collected 1177 gold pieces.
You spent 138 gold pieces at shops.

Inventory:

Hand Weapons
 a - a +0 hand axe
 i - a +0 war axe
 H - a +2 broad axe of flaming (weapon)
Missiles
 O - 2 curare-tipped darts (quivered)
Armour
 b - a +0 animal skin
 f - a +1 pair of boots (worn)
 g - a +1 buckler (worn)
 h - a +0 cloak (worn)
 j - a +2 pair of gloves (worn)
 t - a +0 scale mail
 z - a +1 chain mail of fire resistance
 E - a +4 chain mail (worn)
 F - a +0 plate armour
 G - a +0 hat (worn)
 J - +0 swamp dragon scales
 V - a +0 troll leather armour
Jewellery
 e - an amulet of reflection (around neck)
 q - a +6 ring of intelligence (left hand)
 w - a ring of positive energy (right hand)
 N - a +6 ring of intelligence
Wands
 d - a wand of flame (31)
 M - a wand of polymorph (2)
 S - a wand of digging (4)
 W - a wand of mindburst (10)
Scrolls
 c - 2 scrolls of amnesia {unknown}
 l - 2 scrolls of magic mapping {unknown}
 n - 10 scrolls of teleportation {unknown}
 o - 3 scrolls of enchant weapon {unknown}
 s - a scroll of butterflies {unknown}
 u - a scroll of poison {unknown}
 x - 2 scrolls of vulnerability {unknown}
 y - 3 scrolls of immolation {unknown}
 B - a scroll of torment {unknown}
 L - a scroll of noise {unknown}
 Q - 2 scrolls of blinking {unknown}
 U - a scroll of summoning {unknown}
Potions
 k - 4 potions of cancellation
 m - 5 potions of mutation
 p - 2 potions of ambrosia
 r - 2 potions of flight
 v - 2 potions of curing
 A - 6 potions of haste
 D - 4 potions of might
 I - 4 potions of resistance
 K - 4 potions of invisibility
 P - 2 potions of lignification
 R - a potion of attraction


   Skills:
 + Level 4.1 Fighting
 + Level 22.4 Axes
 - Level 2.7 Armour
 - Level 2.4 Dodging
 + Level 1.1 Shields


You had 11 spell levels left.
You didn't know any spells.
Your spell library was empty.

Dungeon Overview and Level Annotations

Branches:
Dungeon (11/15)            Temple (0/1) D:5            Lair (0/5) D:9
 Bailey (visited)
    Orc: D:9-12

Altars:
Cheibriados
Dithmenos
Elyvilon
Fedhas
Kikubaaqudgha
Makhleb
Okawaru
Qazlal
Trog
Uskayaw
Wu Jian
Xom
Jiyva

Shops:
D:6 **[


Innate Abilities, Weirdness & Mutations

You have a pair of horns on your head.
You reflexively headbutt those who attack you in melee.


Message History

The killer bee poisons you!
You hit the killer bee. You burn the killer bee.
You kill the killer bee!
Trog accepts your kill.
You feel sick.
You start resting.
You feel sick. x4
You recover from your berserk rage.
You feel sick.
You are no longer poisoned.
A killer bee comes into view.
The killer bee buzzes angrily.
You hear a roar!
Things that are here:
a killer bee corpse; an acid dragon corpse You miss the killer bee.
The killer bee stings you but does no damage.
You slash the killer bee! You burn the killer bee!
You kill the killer bee!
Trog accepts your kill.
A five-headed hydra comes into view.
You see here a manticore corpse.
You feel better.
You feel very mighty all of a sudden. The five-headed hydra bites you.
* * * LOW HITPOINT WARNING * * *
The five-headed hydra bites you but does no damage. x2
The five-headed hydra bites you!
* * * LOW HITPOINT WARNING * * *
You block the five-headed hydra's attack.
You lop one of the five-headed hydra's heads off!
The flame cauterises the wound!
You slash the four-headed hydra! You burn the four-headed hydra.
You headbutt the four-headed hydra!
The four-headed hydra is heavily wounded.
The four-headed hydra bites you but does no damage.
You block the four-headed hydra's attack. x2
The four-headed hydra barely misses you.
Your skin crawls.
You feel strong-willed.
The four-headed hydra bites you but does no damage. x2
The four-headed hydra bites you!
You die...

### ..## ...# ..#######
........## ## #####
.........####.##@..# .##
..#.##......##.##D##...#
...#..#.#............#
#.#.##.#...........###
.#.####.#........###
#.######.#.....#.###..
#.##..##)#............
†#..##..#......###.#..
..##..##......## .#


You could see a four-headed hydra.

Vanquished Creatures
  A hydra (D:11)
  A boulder beetle (D:11)
  4 two-headed ogres
  Pikel (D:6)
  An orc knight (Bailey)
  A manticore (D:11)
  Maggie (D:6)
  A kobold demonologist (D:10)
  Psyche (D:8)
  3 trolls
  A hornet (D:8)
  A queen bee (D:11)
  Grinder (D:4)
  Sigmund (D:6)
  A shadow (D:9)
  A vampire (D:11)
  3 wyverns
  11 yaks
  4 steam dragons
  A vampire mosquito (D:11)
  4 acid dragons
  Duvessa (D:6)
  2 water moccasins
  3 orc warriors
  2 ice beasts
  An ogre (D:7)
  A sky beast (D:4)
  A black bear (D:6)
  4 centaurs
  4 kobold brigands
  A lemure (D:6)
  7 bullfrogs
  4 scorpions
  10 wights
  Dowan (D:6)
  39 killer bees
  3 howler monkeys
  4 hounds
  8 jellies
  5 orc priests
  An iguana (D:7)
  4 orc wizards
  4 adders
  13 gnolls
  A river rat (D:3)
  2 shadow imps (D:6)
  A white imp (D:6)
  2 ufetubi
  5 worms
  5 dart slugs
  41 orcs
  4 endoplasms
  3 giant cockroaches (D:3)
  9 goblins
  A hobgoblin (D:3)
  11 jackals
  4 quokkas
  8 ball pythons
  5 bats
  7 frilled lizards
  17 kobolds
  4 rats
297 creatures vanquished.

Vanquished Creatures (others)
  2 plants (D:11)
2 creatures vanquished.

Grand Total: 299 creatures vanquished

Notes
Turn   | Place    | Note
-------+----------+-------------------------------------------
     0 | D:1      | cheesebisquit the Minotaur Berserker began the quest for
                  | the Orb.
     0 | D:1      | Reached XP level 1. HP: 19/19 MP: 0/0
   389 | D:1      | Reached XP level 2. HP: 27/27 MP: 1/1
   632 | D:1      | Reached skill level 4 in Axes
   974 | D:1      | Reached ** piety under Trog
  1264 | D:2      | Reached XP level 3. HP: 33/33 MP: 2/2
  1868 | D:2      | Reached skill level 5 in Axes
  2133 | D:3      | Found an ancient bone altar of Kikubaaqudgha.
  2481 | D:3      | Found a blossoming altar of Fedhas.
  2499 | D:3      | Found a snail-covered altar of Cheibriados.
  2500 | D:3      | Found a burning altar of Makhleb.
  2505 | D:3      | Found a bloodstained altar of Trog.
  2656 | D:3      | Reached XP level 4. HP: 36/40 MP: 3/3
  2728 | D:3      | Reached *** piety under Trog
  3144 | D:4      | Reached skill level 6 in Axes
  3157 | D:4      | Noticed Grinder
  3163 | D:4      | Killed Grinder
  3164 | D:4      | Reached skill level 8 in Axes
  3164 | D:4      | Reached XP level 5. HP: 46/46 MP: 4/4
  3164 | D:4      | Reached XP level 6. HP: 52/52 MP: 5/5
  3282 | D:4      | Noticed a two-headed ogre
  3296 | D:4      | Killed a two-headed ogre
  3297 | D:4      | Reached skill level 10 in Axes
  3297 | D:4      | Reached XP level 7. HP: 58/58 MP: 6/6
  3411 | D:4      | Reached skill level 11 in Axes
  3676 | D:4      | Reached XP level 8. HP: 66/66 MP: 7/7
  4070 | D:5      | Entered Level 5 of the Dungeon
  4070 | D:5      | Found a white marble altar of Elyvilon.
  4131 | D:5      | Reached skill level 12 in Axes
  4677 | D:5      | Found a staircase to the Ecumenical Temple.
  4701 | D:5      | Identified the +0 robe "Eppoaps" {rElec Dex+6 Stlth-}
  4726 | D:5      | Reached skill level 13 in Axes
  5184 | D:6      | Found Xigaach's Armour Shoppe.
  5229 | D:6      | Bought a +0 hat for 48 gold pieces
  5261 | D:6      | Noticed Pikel
  5277 | D:6      | Killed Pikel
  5278 | D:6      | Reached skill level 14 in Axes
  5278 | D:6      | Reached XP level 9. HP: 71/71 MP: 8/8
  5596 | D:6      | Noticed Duvessa
  5596 | D:6      | Noticed Dowan
  5606 | D:6      | Killed Duvessa
  5607 | D:6      | Reached skill level 15 in Axes
  5614 | D:6      | Killed Dowan
  5649 | D:6      | Noticed Sigmund
  5654 | D:6      | Noticed Maggie
  5656 | D:6      | Killed Sigmund
  5664 | D:6      | Killed Maggie
  5665 | D:6      | Found Hizy Oxi's Neck Hole.
  5758 | D:6      | Found Wati's General Store.
  5768 | D:6      | Bought a scroll of enchant armour for 90 gold pieces
  5984 | D:7      | Reached skill level 16 in Axes
  6228 | D:7      | Found an ornate altar of the Wu Jian Council.
  6282 | D:7      | Reached **** piety under Trog
  6395 | D:8      | Found a stormy altar of Qazlal.
  6461 | D:8      | Reached XP level 10. HP: 74/78 MP: 9/9
  6509 | D:8      | Noticed Psyche
  6512 | D:8      | Killed Psyche
  6513 | D:8      | Reached skill level 17 in Axes
  6758 | D:8      | Found an iron altar of Okawaru.
  6877 | D:8      | Reached skill level 18 in Axes
  7506 | D:9      | Found a viscous altar of Jiyva.
  7589 | D:9      | Reached skill level 19 in Axes
  7663 | D:9      | Found a flagged portal.
  7666 | D:9      | Noticed a two-headed ogre
  7683 | D:9      | Killed a two-headed ogre
  7684 | D:9      | Reached XP level 11. HP: 61/83 MP: 10/10
  7699 | Bailey   | Entered a bailey
  8289 | Bailey   | Noticed an orc knight
  8297 | Bailey   | Killed an orc knight
  8641 | D:9      | Found a staircase to the Lair.
  8666 | D:9      | Found a shimmering altar of Xom.
  8933 | D:9      | Found a shadowy altar of Dithmenos.
  9108 | D:10     | Entered Level 10 of the Dungeon
  9131 | D:10     | Reached skill level 20 in Axes
  9457 | D:10     | Found a hide-covered altar of Uskayaw.
  9892 | D:10     | Noticed a two-headed ogre
  9899 | D:10     | Killed a two-headed ogre
 10037 | D:11     | Reached skill level 21 in Axes
 10353 | D:11     | Noticed an eight-headed hydra
 10357 | D:11     | Killed a six-headed hydra
 10375 | D:11     | HP: 2/83 [yak (13)]
 10443 | D:11     | Reached ***** piety under Trog
 10468 | D:11     | Reached skill level 22 in Axes
 10499 | D:11     | Noticed a boulder beetle
 10512 | D:11     | Killed a boulder beetle
 10541 | D:11     | Noticed a two-headed ogre
 10551 | D:11     | Killed a two-headed ogre
 10552 | D:11     | Reached XP level 12. HP: 50/91 MP: 11/11
 10566 | D:11     | Reached skill level 1 in Shields
 10616 | D:11     | Noticed a five-headed hydra
 10633 | D:11     | HP: 4/91 [five-headed hydra (13)]
 10635 | D:11     | Slain by a four-headed hydra

Illustrated notes

Levels and vault maps discovered:
D:1:      tarquinn_simple_flora_water_c, layout_loops_corners
D:2:      layout_basic
D:3:      layout_basic, mainiacjoe_overflow_paths,
          nicolae_overflow_crystal_walls, gammafunk_temple_overflow_forgotten,
          gup_sewer_entry_spiral, kennysheep_boxes
D:4:      layout_gridville, minmay_misc_feat_pillars, uniq_grinder
D:5:      layout_loops_ring, mainiacjoe_overflow_boulevard,
          minmay_temple_entry_from_below_b, fountainhead, dk_vineyard_1
D:6:      layout_loops_ring, serial_shops, shop_fountains, shop,
          hangedman_abyss_or_decor_stabs, nicolae_shop_sticking_my_neck_out,
          uniq_sigmund, uniq_maggie, uniq_duvessa, uniq_pikel
D:7:      layout_basic, nzn_wu_jian_council_hall
D:8:      minmay_polygon_palace, layout_rooms, okawaru_metal_pillars_3,
          mainiacjoe_overflow_alcove_4, minivault_24, uniq_psyche
D:9:      layout_irregular_city, kennysheep_mini, kennysheep_mini_moat,
          lair_entry_dummy, enter_bailey_5, serial_glass, glass_columns_c,
          glass_columns_a, jiyva_altar_1
D:10:     layout_gridville, nicolae_uskayaw_murder_on_the_dancefloor,
          st_stairs_1, minmay_holes, minmay_unpleasant_kobolds
D:11:     regret_index_bee_streams, layout_cave_pools, orc_0_dummy,
          nicolae_trove_entry_crossroad

Skill      XL: |  1  2  3  4  5  6  7  8  9 10 11 12 |
---------------+-------------------------------------+-----
Axes           | 4 5 8 10 11 14 16 19 22 | 22.4
Fighting       | 4 |  4.1
Shields        | 1 |  1.1
Armour         | |  2.7
Dodging        | |  2.4

Action                   |  1- 3 |  4- 6 |  7- 9 | 10-12 || total
-------------------------+-------+-------+-------+-------++-------
Melee: Hand axe          |    53 |       |       |       ||    53
       Headbutt          |    14 |     5 |    35 |    51 ||   105
       War axe           |    62 |    46 |   167 |       ||   275
       Broad axe         |       |       |    45 |   329 ||   374
Invok: Berserk           |       |     2 |     5 |    12 ||    19
       Trog's Hand       |       |       |     1 |     3 ||     4
  Use: Scroll            |       |     3 |     4 |     6 ||    13
       Potion            |       |       |       |    11 ||    11
Armor: Animal skin       |    31 |     6 |       |       ||    37
       Scale mail        |       |    11 |    11 |       ||    22
       Chain mail        |       |       |    39 |   131 ||   170
       Plate armour      |       |       |    44 |    52 ||    96
Dodge: Dodged            |    59 |    16 |    56 |   120 ||   251
Block: Other             |     7 |       |       |       ||     7
       Buckler           |    31 |    13 |    63 |   192 ||   299
       Reflection        |     3 |       |     2 |     8 ||    13
